AoeStats
← bullseyes

African Clearing

506152747Analyzed
4v4 RM · 21d ago on Sep 12, 2026· 16m 37s· 8 players
Game mode
Random Map
Map size
Large (8 player)
Population
200
Speed
Normal
Resources
Standard
Victory
Conquest
Starting age
Dark Age
Ending age
Imperial Age
RankedLock teamsTeams togetherTeam positionsShared explorationLock speedFull tech treeHidden civsTurbo modeCheats
Victory
Defeat
🇸🇪 Berbers · Sweden
1686
+9
🇯🇴 Portuguese · Jordan
1626
+12
🇧🇪 Italians · Belgium
1581
+13
🇹🇼 Vikings · Taiwan
1533
+15
🇨🇳 Mongols · China
1611
-15
🇨🇳 Burgundians · China
1607
-15
1499
-11
🇦🇺 Persians · Australia
1391
-8
Nodscouter
12:02 Feudal Age
13:30 Loom
16:15 Castle Age
15:08 Double-Bit Axe
16:27 Scale Barding Armor
chengaopeng044
3:51 Loom
3:51 Loom
17:35 Feudal Age
CAPTAINKILL
3:04 Loom
13:00 Feudal Age
17:50 Castle Age
16:00 Stone Mining
15:56 Double-Bit Axe
bullseyes
13:16 Feudal Age
14:10 Loom
BiliBili风间
7:06 Double-Bit Axe
11:57 Loom
13:57 Feudal Age
15:09 Town Watch
15:47 Bow Saw
18:02 Castle Age
16:02 Stone Mining
16:48 Horse Collar
Hayasaka ai
6:15 Loom
11:18 Feudal Age
11:54 Man-at-Arms
13:27 Double-Bit Axe
16:23 Fletching
DZT_最菜又浪还犟
5:41 Loom
13:58 Feudal Age
17:38 Castle Age
16:18 Double-Bit Axe
Noob ai
8:59 Loom
11:03 Feudal Age
11:11 Man-at-Arms
13:33 Arson
Connection lost

Rejoining the realm…

Still unreachable

The connection could not be restored.

Session expired

The server has moved on; the page needs a fresh start.